Map: Acid Plant LE

Players

Nice - Winner!

  • Race: Protoss Protoss
  • Spawn Location: 5:00

GoGojOey

  • Race: Zerg Zerg
  • Spawn Location: 11:00

Event: WCS Montreal 2018

VOD

Have the link to the VOD?

Description

Time

  • Played on: Sept. 7, 2018, 4:16 p.m.
  • Length: 12:39

All games in this series

Show
View Real Time Build Order
Export as new Build Order

Nice Protoss - Winner!

Build Orders: 1 Gate Expand, Oracle Opening, Archon Immortal, Zealot Archon, Archon Drop 

Get SALT Encoding   

  12  0:01  Probe  
  13  0:13  Probe  
  14  0:21  Pylon  
  14  0:25  Probe  
  15  0:36  Probe  
  15  0:39  Gateway  
  16  0:44  Probe  
  17  0:50  Assimilator  
  17  0:53  Probe  
  18  1:06  Probe  
  19  1:18  Probe  
  20  1:24  Nexus  
  20  1:35  Cybernetics Core  
  20  1:37  Probe  
  21  1:44  Assimilator  
  21  1:49  Probe  
  21  1:53  Pylon  
  23  2:01  Probe  
  23  2:02  Adept  
  23  2:13  Probe  
  26  2:22  Stargate  
  26  2:24  Probe  
  29  2:31  Stalker  
  29  2:32  Probe  
  29  2:34  Probe  
  30  2:40  Warp Gate, Probe  
  30  2:42  Probe  
  33  2:52  Probe  
  33  2:55  Probe  
  33  2:58  Oracle  
  35  3:04  Probe  
  36  3:07  Probe  
  40  3:13  Gateway  
  40  3:16  Probe  
  40  3:19  Probe  
  42  3:22  Pylon  
  42  3:28  Probe  
  42  3:30  Assimilator, Oracle  
  42  3:31  Probe  
  44  3:34  Assimilator  
  44  3:40  Probe  
  48  3:46  Probe  
  49  3:52  Probe  
  49  3:54  Pylon  
  50  3:58  Probe  
  50  3:59  Robotics Facility  
  51  4:04  Probe  
  51  4:08  Twilight Council  
  52  4:10  Probe  
  52  4:14  Pylon  
  52  4:16  Probe  
  54  4:19  Gateway  
  54  4:21  Gateway  
  54  4:24  Pylon  
  54  4:33  Probe x2  
  56  4:43  Charge  
  56  4:47  Nexus  
  56  4:48  Pylon  
  56  4:56  Warp Prism  
  56  4:58  Templar Archives  
  58  5:18  Probe x2  
  58  5:19  Forge  
  60  5:23  Zealot  
  60  5:25  Shield Battery  
  60  5:26  Pylon  
  62  5:30  Probe x2  
  62  5:33  Observer  
  65  5:39  Shield Battery  
  65  5:41  High Templar  
  65  5:42  High Templar x2, Probe  
  72  5:43  High Templar  
  72  5:45  Immortal  
  72  5:46  Archon  
  72  5:47  Archon  
  74  5:50  Probe  
  74  5:54  Probe  
  80  6:06  Probe x2  
  80  6:08  Robotics Facility  
  80  6:09  Protoss Ground Weapons Level 1  
  80  6:10  Probe  
  83  6:16  Assimilator  
  83  6:17  Psionic Storm  
  83  6:18  Probe  
  83  6:21  Gateway  
  83  6:22  Assimilator  
  83  6:23  Gateway  
  83  6:24  Probe x2  
  83  6:25  Immortal  
  90  6:30  Probe  
  91  6:36  Probe x2  
  93  6:42  Gateway, Probe  
  93  6:43  Pylon  
  94  6:48  Gateway  
  94  6:51  Immortal  
  94  6:52  Probe x2  
  96  6:55  Probe  
  101  7:02  High Templar  
  101  7:05  Immortal  
  101  7:07  High Templar, Zealot x2  
  109  7:09  Pylon  
  109  7:17  Immortal  
  109  7:19  Pylon x2  
  110  7:32  High Templar  
  110  7:33  Zealot x3  
  122  7:44  High Templar x2, Pylon  
  124  7:45  Zealot  
  124  7:46  Immortal, Pylon  
  124  7:48  Pylon  
  132  7:58  Immortal  
  132  8:00  Pylon  
  136  8:09  Zealot x3  
  142  8:15  Immortal, Zealot  
  144  8:20  High Templar  
  144  8:21  High Templar  
  144  8:22  Zealot x2  
  156  8:30  Observer  
  156  8:36  Pylon  
  156  8:38  Pylon  
  157  8:50  Immortal  
  157  8:54  Protoss Ground Weapons Level 2  
  161  8:55  Zealot  
  161  8:56  Zealot x7  
  164  9:19  High Templar x4  
  164  9:20  Zealot x4  
  164  9:22  Immortal  
  164  9:23  Observer  
  156  9:26  Observer  
  161  9:40  Nexus  
  161  9:42  Pylon  
  161  9:51  Fleet Beacon  
  155  9:55  Zealot x6  
  147  10:11  Zealot x2  
  147  10:12  Immortal  
  147  10:14  Immortal  
  151  10:22  High Templar x2  
  121  10:42  Immortal  
  108  10:43  Archon x2  
  108  10:44  Immortal  
  108  10:48  High Templar x2  
  100  10:58  Zealot x5  
  100  10:59  Zealot  
  120  11:19  Photon Cannon  
  120  11:22  Immortal  
  120  11:27  Immortal  
  120  11:28  Zealot x4  
  106  11:49  Immortal  
  106  11:52  High Templar  
  106  11:56  Immortal, Assimilator  
  106  11:57  Assimilator  
  106  12:03  High Templar x2  
  106  12:04  Zealot x5  
  128  12:09  Probe x3  
  131  12:21  Probe  
  132  12:24  Zealot  
  132  12:25  Zealot x3  
Show
View Real Time Build Order
Export as new Build Order

GoGojOey Zerg 

Build Orders: Hatch First, Lurkers, Roach Hydra 

Get SALT Encoding   

  12  0:00  Drone  
  13  0:13  Overlord  
  13  0:16  Drone  
  14  0:31  Drone x2  
  14  0:34  Drone  
  17  0:51  Hatchery  
  17  0:55  Drone  
  17  0:58  Drone  
  18  1:09  Extractor  
  17  1:13  Spawning Pool  
  17  1:16  Drone  
  17  1:19  Drone  
  18  1:28  Drone  
  19  1:39  Overlord  
  19  1:50  Drone  
  20  1:59  Queen  
  20  2:00  Zergling x2  
  23  2:03  Queen  
  23  2:04  Drone  
  26  2:08  Metabolic Boost  
  26  2:12  Drone  
  26  2:14  Drone  
  28  2:24  Drone  
  28  2:25  Drone  
  30  2:32  Drone  
  31  2:42  Hatchery  
  30  2:46  Queen  
  30  2:49  Drone  
  33  2:51  Drone  
  33  2:55  Overlord  
  33  2:58  Drone  
  35  3:03  Drone  
  36  3:07  Overlord  
  36  3:13  Drone, Queen  
  36  3:14  Drone  
  36  3:16  Drone  
  41  3:22  Drone, Overlord  
  41  3:26  Drone x2  
  44  3:28  Drone  
  44  3:33  Lair  
  45  3:42  Drone x3  
  45  3:46  Drone  
  45  3:47  Roach Warren  
  48  3:51  Drone  
  48  3:52  Drone x2  
  48  3:55  Extractor x2  
  50  3:59  Drone x4  
  53  4:05  Queen  
  53  4:09  Queen  
  57  4:12  Spore Crawler  
  57  4:15  Spore Crawler  
  55  4:21  Overlord  
  55  4:25  Drone x5  
  55  4:28  Drone x2  
  62  4:31  Overlord  
  62  4:34  Glial Reconstitution  
  62  4:44  Spore Crawler  
  57  4:54  Drone x3  
  57  4:55  Overlord  
  57  4:57  Drone  
  57  4:58  Drone x4, Evolution Chamber  
  57  4:59  Drone  
  67  5:00  Drone  
  67  5:01  Overseer  
  67  5:04  Zergling x4  
  69  5:11  Overlord  
  69  5:12  Drone x3  
  69  5:13  Extractor, Drone  
  72  5:17  Extractor, Drone  
  72  5:21  Spore Crawler  
  72  5:25  Drone x3  
  74  5:30  Extractor  
  74  5:33  Drone  
  74  5:35  Drone x2  
  76  5:36  Hydralisk Den  
  76  5:39  Roach x3  
  76  5:42  Hatchery  
  80  5:46  Roach x3  
  80  5:47  Roach  
  88  5:53  Overlord  
  88  5:55  Drone x3  
  90  5:57  Drone  
  90  6:02  Drone x3  
  90  6:03  Drone  
  93  6:13  Grooved Spines  
  93  6:14  Drone x5  
  93  6:15  Drone, Lurker Den  
  93  6:16  Roach  
  100  6:18  Roach  
  100  6:24  Roach x2  
  106  6:29  Queen  
  104  6:36  Overlord  
  104  6:40  Drone x2  
  104  6:41  Overlord  
  104  6:44  Overlord  
  106  6:52  Overlord  
  106  6:55  Hydralisk x3  
  106  6:57  Overlord x2  
  112  7:02  Drone  
  112  7:03  Drone, Spine Crawler  
  112  7:04  Zerg Missile Weapons Level 1  
  112  7:05  Hydralisk x6  
  125  7:10  Hydralisk x2  
  125  7:14  Hydralisk x2  
  133  7:19  Drone x2  
  133  7:20  Drone x3, Spore Crawler  
  133  7:22  Hydralisk  
  137  7:23  Extractor  
  137  7:26  Muscular Augments  
  137  7:27  Hydralisk  
  137  7:28  Roach  
  142  7:33  Hydralisk x2  
  142  7:34  Roach  
  148  7:44  Lurker x3  
  148  7:45  Lurker  
  148  7:47  Overlord x2  
  148  7:49  Overseer  
  148  7:50  Overlord  
  152  7:53  Spine Crawler  
  152  7:54  Drone, Spine Crawler  
  152  7:56  Lurker  
  152  8:06  Overlord  
  152  8:15  Hydralisk x4  
  152  8:16  Roach x4  
  152  8:18  Overlord x2  
  168  8:27  Drone x4  
  168  8:28  Drone, Pneumatized Carapace  
  168  8:31  Hydralisk  
  168  8:33  Spine Crawler  
  168  8:34  Lurker x2  
  176  8:36  Hatchery  
  176  8:38  Lurker x5  
  180  8:44  Hydralisk  
  180  8:45  Hydralisk x2, Roach x2  
  180  8:46  Roach  
  180  8:47  Overlord  
  166  9:03  Drone x3  
  166  9:04  Drone  
  166  9:06  Drone x2  
  166  9:08  Hydralisk x4, Roach x2  
  166  9:09  Roach x3  
  179  9:17  Drone x2  
  179  9:18  Drone  
  177  9:28  Hydralisk x4  
  177  9:29  Hydralisk  
  177  9:30  Zerg Missile Weapons Level 2  
  188  9:39  Hydralisk x2  
  188  9:40  Hydralisk, Roach x2  
  189  10:02  Hydralisk  
  189  10:03  Hydralisk x7  
  160  10:09  Hydralisk x2  
  160  10:10  Roach x2  
  151  10:16  Hydralisk x2  
  155  10:21  Hydralisk  
  155  10:22  Roach  
  143  10:33  Hydralisk x3  
  128  10:41  Hydralisk x2  
  93  10:56  Hydralisk  
  97  10:57  Roach x8  
  97  11:03  Spawning Pool  
  108  11:09  Roach  
  108  11:10  Roach x5  
  120  11:13  Extractor  
  120  11:14  Roach x2  
  120  11:15  Roach  
  125  11:21  Hatchery  
  125  11:22  Roach  
  125  11:23  Roach x3  
  127  11:26  Roach x2  
  131  11:36  Roach x4  
  129  11:42  Hydralisk  
  129  11:43  Roach  
  101  11:57  Ravager x2  
  103  12:04  Hatchery, Ravager, Roach  
  105  12:14  Roach x2  
  105  12:15  Roach x2  
Tags
 
Add a new tag
Caveats
  • Supply blocks, unpowered buildings, or Contaminate may cause inaccurate times.
  • Supply counts are checked every 10 seconds.